 Dungeon Crawl Stone Soup version 0.31.0-9-g3a7656b989 (webtiles) character file.

Game seed: 9847455434611395941

353 qw the Shooter (level 6, 0/30 HPs)
             Began as a Spriggan Hunter on Feb 2, 2024.
             Succumbed to a scorpion's poison
             ... on level 5 of the Dungeon.
             The game lasted 00:00:15 (3791 turns).

qw the Shooter (Spriggan Hunter)                    Turns: 3791, Time: 00:00:15

Health: 0/30       AC:  1    Str:  7    XL:     6   Next: 35%
Magic:  7/7        EV: 21    Int: 11    God:
Gold:   16         SH:  0    Dex: 20    Spells: 5/5 levels left

rFire   + . .        a - +0 shortbow
rCold   . . .        (shield currently unavailable)
rNeg    . . .        c - +0 robe
rPois   .            (helmet restricted)
rElec   .            (no cloak)
rCorr   .            (gloves unavailable)
SInv    +            (boots unavailable)
Will    +....        (no amulet)
Stlth   ++           (no ring)
HPRegen 0.25/turn    (no ring)
MPRegen 0.10/turn

%: no passive effects
@: lethally poisoned (0 -> -13), about to teleport, very quick
A: very small, no large weapons, unfitting armour, see invisible, speed 3,
hooves 1, deformed body, fire resistance 1
a: no special abilities


You were on level 5 of the Dungeon.
You visited 1 branch of the dungeon, and saw 5 of its levels.

You collected 280 gold pieces.
You spent 264 gold pieces at shops.


Innate Abilities, Weirdness & Mutations

You are very small and have problems with some larger weapons.
You are too small for most types of armour.
You have supernaturally acute eyesight. (SInv)
You cover ground extremely quickly. (Speed+++)
You have large cloven feet.
Armour fits poorly on your strangely shaped body.
Your flesh is heat resistant. (rF+)


   Skills:
 - Level 2.2 Fighting
 + Level 6.2 Ranged Weapons
 - Level 6.0 Dodging
 - Level 1.5 Stealth


You had 5 spell levels left.
You didn't know any spells.
Your spell library was empty.

Inventory:

Hand Weapons
 a - a +0 shortbow (weapon)
Armour
 c - a +0 robe (worn)
Jewellery
 f - a ring of resist corrosion
 g - a ring of fire
 j - the ring of Knowledge {*Corrode rElec rC+ rN+}
   (You bought it in a shop on level 5 of the Dungeon)

   [ring of positive energy]

   rC+:       It protects you from cold.
   rElec:     It insulates you from electricity.
   rN+:       It protects you from negative energy.
   *Corrode:  It may corrode you when you take damage.
Scrolls
 b - a scroll of teleportation
 h - 3 scrolls of identify
 k - 2 scrolls of enchant armour
 n - a scroll of poison {unknown}
Potions
 d - a potion of haste
 e - a potion of might
 i - 4 potions of curing
 l - a potion of enlightenment
 m - 2 potions of mutation

Dungeon Overview and Level Annotations

Branches:
Dungeon (5/15)
 Temple: D:4-7

Altars:
Cheibriados
Kikubaaqudgha
Nemelex Xobeh
The Shining One

Shops:
D:5 *


Message History

The scorpion barely misses you.
You shoot an arrow.
The arrow hits the scorpion but does no damage.
The scorpion misses you.
You shoot an arrow. The arrow closely misses the scorpion.
The scorpion stings you.
You shoot an arrow. The arrow barely misses the scorpion.
The scorpion barely misses you. The scorpion misses you.
You shoot an arrow.
The arrow completely misses the scorpion.
The scorpion closely misses you.
You shoot an arrow.
The arrow hits the scorpion but does no damage.
The scorpion closely misses you.
You shoot an arrow. The arrow hits the scorpion.
The scorpion is moderately wounded.
The scorpion stings you.
You are poisoned.
The scorpion poisons you! The scorpion barely misses you.
You shoot an arrow. The arrow hits the scorpion.
The scorpion is heavily wounded.
You feel very sick. The scorpion closely misses you.
You shoot an arrow.
The arrow hits the scorpion but does no damage.
The scorpion is heavily wounded.
You feel sick. The scorpion stings you.
You are lethally poisoned!
The scorpion poisons you!
You shoot an arrow. The arrow hits the scorpion.
The scorpion is severely wounded.
You feel very sick. The scorpion closely misses you.
The scorpion completely misses you.
3790 ||| READING 2 scrolls of teleportation.
As you read the scroll of teleportation, it crumbles to dust.
You feel strangely unstable.
You feel very sick. The scorpion completely misses you.
You shoot an arrow. The arrow closely misses the scorpion.
You die...

##...########.#
...#........#
...#.###############
.#.#...............#
###############.#
#.# #.#
###########.##
......s@.....#
##############


You could see a scorpion.

Vanquished Creatures
  2 phantoms
  2 bombardier beetles
  A hound (D:3)
  4 adders
  A white imp (D:4)
  A ribbon worm (D:2)
  4 dart slugs
  An orc (D:2)
  4 bats
  7 endoplasms
  5 giant cockroaches
  A goblin (D:4)
  9 hobgoblins
  2 jackals (D:4)
  A quokka (D:3)
  11 ball pythons
  2 frilled lizards
  4 kobolds
  5 rats
67 creatures vanquished.

Notes
Turn   | Place    | Note
-------+----------+-------------------------------------------
     0 | D:1      | qw the Spriggan Hunter began the quest for the Orb.
     0 | D:1      | Reached XP level 1. HP: 10/10 MP: 2/2
     0 | D:1      | 0 ||| qw: Version: 0.3-a-155-g5e7d8dd
     0 | D:1      | 0 ||| qw: Game counter: 2386
     0 | D:1      | 0 ||| qw: Melee chars always use a shield: true
     0 | D:1      | 0 ||| qw: God list: Okawaru
     0 | D:1      | 0 ||| qw: Allow faded altars: false
     0 | D:1      | 0 ||| qw: Do Orc after clearing Dungeon:15 true
     0 | D:1      | 0 ||| qw: Do second Lair branch before Depths: true
     0 | D:1      | 0 ||| qw: Lair rune preference: random
     0 | D:1      | 0 ||| qw: Goals: Normal
     0 | D:1      | 0 ||| PLANNING D:1-11
    43 | D:1      | Reached skill level 3 in Dodging
   247 | D:1      | Reached XP level 2. HP: 14/14 MP: 3/3
   791 | D:1      | 791 ||| READING scroll labelled DADDASS KOBUEK.
   798 | D:1      | 798 ||| READING scroll labelled YBEATW HYXT.
   799 | D:1      | 799 ||| READING scroll labelled LEITE XYFAONARGH.
   805 | D:1      | 805 ||| READING scroll labelled UMMIAGGUING.
   805 | D:1      | 805 ||| ENCHANTING +0 shortbow.
   806 | D:1      | 806 ||| DROPPING scroll of butterflies.
   920 | D:2      | Reached XP level 3. HP: 18/18 MP: 4/4
  1432 | D:2      | 1432 ||| READING scroll labelled MAFAAVE FIDEMN.
  1533 | D:2      | 1533 ||| READING 3 scrolls labelled YBERPH LEIPTI.
  1533 | D:2      | 1533 ||| IDENTIFYING fuming amethyst potion
  1534 | D:2      | 1534 ||| READING 2 scrolls of identify.
  1534 | D:2      | 1534 ||| IDENTIFYING emerald potion
  1535 | D:2      | 1535 ||| READING scroll of identify.
  1535 | D:2      | 1535 ||| IDENTIFYING golden potion
  1536 | D:2      | 1536 ||| READING scroll labelled KOSIEPS LECUE.
  1537 | D:2      | 1537 ||| READING scroll labelled NYEVU WOIVO.
  1538 | D:2      | 1538 ||| DRINKING 3 glowing clear potions.
  1539 | D:2      | 1539 ||| DROPPING potion of invisibility.
  1540 | D:2      | 1540 ||| DROPPING potion of berserk rage.
  1585 | D:3      | Reached XP level 4. HP: 22/22 MP: 5/5
  1989 | D:3      | Reached XP level 5. HP: 22/26 MP: 6/6
  2275 | D:3      | 2275 ||| DRINKING 2 lumpy purple potions.
  2276 | D:3      | 2276 ||| DRINKING 3 viscous clear potions.
  2276 | D:3      | Gained mutation: Armour fits poorly on your strangely
                  | shaped body. [potion of mutation]
  2276 | D:3      | Gained mutation: You have large cloven feet. [potion of
                  | mutation]
  2276 | D:3      | Gained mutation: Your flesh is heat resistant. (rF+)
                  | [potion of mutation]
  2687 | D:4      | Noticed a phantom
  2698 | D:4      | Killed a phantom
  2699 | D:4      | Reached skill level 6 in Ranged Weapons
  2699 | D:4      | Reached XP level 6. HP: 30/30 MP: 7/7
  2768 | D:4      | You fall into a shaft and drop 1 floor!
  2768 | D:5      | Entered Level 5 of the Dungeon
  2807 | D:5      | Found a glowing golden altar of the Shining One.
  2894 | D:5      | Reached skill level 6 in Dodging
  2971 | D:5      | 2971 ||| READING scroll of identify.
  2971 | D:5      | 2971 ||| IDENTIFYING purple potion
  2972 | D:5      | 2972 ||| READING scroll labelled EZXYCS YNIE.
  2976 | D:5      | Found Konwuwke's Assorted Antiques.
  2980 | D:4      | 2980 ||| FLEEEEING.
  2981 | D:4      | 2981 ||| FLEEEEING.
  2982 | D:4      | 2982 ||| FLEEEEING.
  2983 | D:4      | 2983 ||| FLEEEEING.
  2985 | D:4      | 2985 ||| FLEEEEING.
  2986 | D:4      | 2986 ||| FLEEEEING.
  2987 | D:4      | 2987 ||| FLEEEEING.
  2989 | D:4      | 2989 ||| FLEEEEING.
  2990 | D:4      | 2990 ||| FLEEEEING.
  2992 | D:4      | 2992 ||| FLEEEEING.
  2993 | D:4      | 2993 ||| FLEEEEING.
  2994 | D:4      | 2994 ||| FLEEEEING.
  2996 | D:4      | 2996 ||| FLEEEEING.
  2997 | D:4      | 2997 ||| FLEEEEING.
  2999 | D:4      | 2999 ||| FLEEEEING.
  3000 | D:4      | 3000 ||| FLEEEEING.
  3001 | D:4      | 3001 ||| FLEEEEING.
  3003 | D:4      | 3003 ||| FLEEEEING.
  3004 | D:4      | 3004 ||| FLEEEEING.
  3007 | D:4      | 3007 ||| FLEEEEING.
  3008 | D:4      | 3008 ||| FLEEEEING.
  3009 | D:4      | 3009 ||| FLEEEEING.
  3010 | D:4      | 3010 ||| FLEEEEING.
  3011 | D:4      | 3011 ||| FLEEEEING.
  3013 | D:4      | 3013 ||| FLEEEEING.
  3566 | D:4      | Found a snail-covered altar of Cheibriados.
  3566 | D:4      | Found a sparkling altar of Nemelex Xobeh.
  3657 | D:5      | 3657 ||| BUYING 3 scrolls of identify (144 gold).
  3657 | D:5      | Bought 3 scrolls of identify for 144 gold pieces
  3657 | D:5      | 3657 ||| BUYING brightly glowing brass ring (120 gold).
  3657 | D:5      | Bought a brightly glowing brass ring for 120 gold pieces
  3657 | D:5      | Identified the ring of Knowledge {*Corrode rElec rC+ rN+}
                  | (You bought it in a shop on level 5 of the Dungeon)
  3657 | D:5      | 3657 ||| SHOPLISTING orcbow (84 gold, have 8).
  3657 | D:5      | 3657 ||| SHOPLISTING potion of curing (72 gold, have 8).
  3657 | D:5      | 3657 ||| SHOPLISTING scroll of identify (48 gold, have 8).
  3657 | D:5      | 3657 ||| SHOPLISTING scroll of teleportation (72 gold, have
                  | 8).
  3702 | D:5      | Found an ancient bone altar of Kikubaaqudgha.
  3789 | D:5      | HP: 7/30 [poisoned by a scorpion]
  3790 | D:5      | 3790 ||| READING 2 scrolls of teleportation.
  3790 | D:5      | HP: 3/30 [poisoned by a scorpion]
  3791 | D:5      | Succumbed to a scorpion's poison

Levels and vault maps discovered:
D:1:      dpeg_arrival_lava_altar, layout_basic
D:2:      layout_basic, minmay_pentomino_p2
D:3:      layout_basic
D:4:      layout_layer_cave, gammafunk_temple_overflow_pools
D:5:      layout_basic, tgw_sif, kennysheep_little_box, kennysheep_mini,
          serial_shops, shop, minmay_misc_feat_encased, cheibrodos_gnoll_hut

Skill      XL: |  1  2  3  4  5  6 |
---------------+-------------------+-----
Dodging        | 3 4 5 6 |  6.0
Ranged Weapons | 5 6 |  6.2
Fighting       | 2 |  2.2
Stealth        | |  1.5

Action                     |  1- 3 |  4- 6 || total
---------------------------+-------+-------++-------
   Fire: Shortbow          |    91 |   163 ||   254
    Use: Scroll            |    10 |     3 ||    13
         Potion            |     1 |     2 ||     3
 Armour: Robe              |     1 |    18 ||    19
  Dodge: Dodged            |     8 |    60 ||    68

Table legend:
 A = Non-vault XP
 B = Vault XP
 C = Vault XP percentage of total XP
 D = Non-vault monster count
 E = Vault monster count
 F = Vault count percentage of total count
                 A         B        C        D         E       F
            +---------+---------+-------+---------+---------+-------
      Total |     490 |      15 |   3.0 |      65 |       2 |   3.0
            +---------+---------+-------+---------+---------+-------
        D:1 |      27 |       0 |   0.0 |      13 |       0 |   0.0
        D:2 |      52 |      15 |  22.4 |      15 |       2 |  11.8
        D:3 |     118 |       0 |   0.0 |      16 |       0 |   0.0
        D:4 |     189 |       0 |   0.0 |      19 |       0 |   0.0
        D:5 |     104 |       0 |   0.0 |       2 |       0 |   0.0
            +---------+---------+-------+---------+---------+-------
